 Dungeon Crawl Stone Soup version 0.15.2 (webtiles) character file.

15340 MordorOrchid the Covert (level 12, -2/60 HPs)
             Began as a Spriggan Enchanter on Apr 30, 2022.
             Was an Elder of Okawaru.
             Slain by a tengu reaver
             ... wielding a +0 great mace
              (18 damage)
             ... on Level 12 of the Dungeon on May 1, 2022.
             The game lasted 01:31:06 (9866 turns).

MordorOrchid the Covert (Spriggan Enchanter)        Turns: 9866, Time: 01:31:06

HP  -2/60        AC  6     Str  7      XL: 12   Next:  0%
MP  22/33        EV 27     Int 22      God: Okawaru [****..]
Gold 653         SH  0     Dex 18      Spells:  5 memorised, 19 levels left

rFire  . . .     SeeInvis +     b - +0 blowgun
rCold  . . .     Clarity  +     t - +1 robe
rNeg   + . .     rCorr    .     (shield restricted)
rPois  .         rRot     .     (helmet restricted)
rElec  .         Spirit   .     g - +2 cloak
SustAb .         Warding  .     (gloves unavailable)
rMut   .         Stasis   .     (boots unavailable)
Gourm  .                        w - amulet of clarity
MR     ++...                    (no ring)
                                s - ring of the Cuttlefish {Wiz rN+ Str+3 Int+2}

@: very quick, very resistant to hostile enchantments, extremely stealthy
A: unfitting armour, see invisible, herbivore 3, speed 3, slow metabolism 2
a: Heroism, Renounce Religion


You were on level 12 of the Dungeon.
You worshipped Okawaru.
Okawaru was greatly pleased with you.
You were not hungry.

You visited 2 branches of the dungeon, and saw 13 of its levels.

You collected 653 gold pieces.

Inventory:

Hand weapons
 b - a +0 blowgun (weapon)
 j - a +0 shortbow
 m - a +0 dagger of venom
 y - a +1 short sword of flaming
 C - a +0 dagger of holy wrath
 E - a +0 hunting sling
 M - a +0 vampiric cutlass
 N - a +0 hand crossbow
 Y - the +1 long sword "Newt's Doom" {freeze, +Inv rC-, unknown}
   (You took it off a deep elf fighter on level 12 of the Dungeon)

   It has been specially enchanted to freeze those struck by it, causing extra
   injury to most foes and up to double damage against particularly susceptible
   opponents.
   It can also slow down cold-blooded creatures.
   It makes you vulnerable to cold.
   It lets you turn invisible.
Missiles
 a - 5 tomahawks
 i - 40 stones
 p - 19 poisoned needles (quivered)
 u - 57 arrows
 v - 68 sling bullets
 B - 16 arrows of frost
 D - 17 arrows of dispersal
 H - 14 arrows of flame
 O - 3 needles of sleeping
 R - 6 tomahawks of returning
 S - 57 bolts
Armour
 g - a +2 cloak (worn)
 t - a +1 robe (worn)
Magical devices
 G - a wand of polymorph (3)
 I - a wand of frost (0)
 J - a wand of fireball (2)
 K - a wand of confusion (17) {unknown}
 P - a wand of cold (7)
 U - a wand of frost (17)
Comestibles
 f - 6 bread rations
 n - 15 fruits
 Q - a slice of pizza
Scrolls
 h - a scroll of brand weapon {unknown}
 k - a scroll of amnesia
 q - 4 scrolls of remove curse
 x - 4 scrolls of magic mapping
 A - a scroll of enchant armour {unknown}
 L - a scroll of fog {unknown}
 T - a scroll of recharging {unknown}
 V - a scroll of immolation {unknown}
 W - a scroll of torment {unknown}
 X - a scroll of noise {unknown}
Jewellery
 s - the ring of the Cuttlefish (left hand) {Wiz rN+ Str+3 Int+2}
   (You took it off a deep elf fighter on level 12 of the Dungeon)

   [ring of wizardry]

   It improves your spell success rate.
   It affects your strength (+3).
   It affects your intelligence (+2).
   It protects you from negative energy.
 w - an amulet of clarity (around neck)
Potions
 d - 3 potions of porridge
 e - 5 potions of curing
 l - a potion of agility
 o - a potion of confusion {unknown}
 r - a potion of lignification {unknown}
 z - a potion of mutation
 F - 2 potions of might


   Skills:
 - Level 5.0 Fighting
 * Level 3.1 Short Blades
 - Level 6.4 Throwing
 * Level 10.7 Dodging
 * Level 13.8 Stealth
 * Level 10.5 Spellcasting
 * Level 1.4 Conjurations
 * Level 10.3 Hexes
 * Level 3.8 Invocations
 * Level 5.3 Evocations


You had 19 spell levels left.
You knew the following spells:

 Your Spells              Type           Power        Failure   Level  Hunger
a - Corona                Hex            ######.      1%          1    None
b - Ensorcelled Hibernat  Hex/Ice        ####..       1%          2    None
c - Confuse               Hex            ######..     1%          3    None
d - Enslavement           Hex            ######..     1%          4    #......
f - Dazzling Spray        Conj/Hex       #####...     1%          3    None


Dungeon Overview and Level Annotations

Branches:
Dungeon (12/15)            Temple (1/1) D:5             Orc (0/4) D:9
   Lair (0/8) D:9

Altars:
Ashenzari
Cheibriados
Dithmenos
Elyvilon
Fedhas
Kikubaaqudgha
Makhleb
Nemelex Xobeh
Okawaru
Qazlal
Sif Muna
Trog
Vehumet
Xom
Yredelemnul
Zin
The Shining One

Shops:
D:6 (   D:8 :

Portals:
Trove: D:10 (give book of Annihilations)

Annotations:
D:6 exclusion: upstairs


Innate Abilities, Weirdness & Mutations

You are tiny and cannot use many weapons and most armour.
You have supernaturally acute eyesight.
You are a herbivore.
You cover ground extremely quickly.
You need consume almost no food.


Message History

Press: ? - help, Shift-Dir - straight line, f/p - tengu reaver
Aim: a tengu reaver, wielding a great mace and wearing a scale mail (lightly wounded)
The spray of energy hits the tengu reaver.
The tengu reaver is lightly wounded.
The spray of energy hits the battlesphere.
The battlesphere is heavily damaged.
The tengu reaver hits you with a great mace!!
The tengu reaver pecks you but does no damage.
The tengu reaver claws you!
* * * LOW HITPOINT WARNING * * *
Casting: Dazzling Spray
Confirm with . or Enter, or press ? or * to list all spells.
Aiming: Dazzling Spray
Press: ? - help, Shift-Dir - straight line, f/p - tengu reaver
Aim: a tengu reaver, wielding a great mace and wearing a scale mail (lightly wounded)
The spray of energy misses the tengu reaver.
The spray of energy hits the battlesphere.
The battlesphere is almost destroyed.
The tengu reaver hits you with a great mace!!
You die...

##...Q≈≈≈≈≈## ##≈≈≈≈≈≈...##
#....≈≈≈≈≈≈# #≈≈≈≈≈≈....#
#.....≈≈≈≈≈# #≈≈≈≈≈.....#
##.....≈Q≈≈########≈≈≈≈.....###
#.......≈≈≈≈≈≈≈≈≈≈≈≈...)...# #
##.........≈≈≈≈≈≈.........## #
##......................## #
###.......#Q*#.......### #
####...##@.##...#### #
#####....##### ########
###.#.#.####<......
#.(.(.....:........
##.#.#.#.####...#...
#######...#<..#####..##.#.
#............##.........##
#....##...##.##.###..####
#........###.##.# #.......


You could see a tengu reaver.

Vanquished Creatures
  3 hydras
  The ghost of vt the Fighter, an experienced OpIE of Dithmenos (D:5)
  4 hill giants
  2 ugly things (D:11)
  A centaur zombie (D:12)
  Maurice (D:11)
  A komodo dragon (D:9)
  A yaktaur (D:12)
  A deep elf mage (D:10)
  12 yaks
  A trapdoor spider (D:10)
  2 water elementals (D:12)
  A hill giant zombie (D:11)
  2 wraiths
  2 hungry ghosts
  2 vampire mosquitoes (D:12)
  A wyvern (D:9)
  2 hippogriffs
  A deep elf fighter (D:12)
  2 sky beasts (D:4)
  4 ice beasts
  10 centaurs
  A black bear (D:7)
  4 orc warriors
  An ogre (D:6)
  5 big kobolds
  3 giant frogs
  A wyvern skeleton (D:11)
  7 scorpions
  9 killer bees
  2 hippogriff zombies
  A troll zombie (D:9)
  2 crimson imps
  11 wights
  2 goliath beetles
  6 orc priests
  An elf zombie (D:12)
  2 giant frog skeletons
  2 giant frog zombies
  3 hounds
  3 jellies
  2 quasits
  9 orc wizards
  A centaur skeleton (D:11)
  6 iguanas
  5 worker ants
  7 ogre zombies (D:9)
  2 sheep (D:8)
  2 hound zombies
  A mummy (D:7)
  7 gnolls (D:4)
  6 adders
  6 orc skeletons
  5 shadow imps
  2 giant mites
  A worm (D:3)
  A gnoll zombie (D:8)
  5 giant geckos
  34 orcs
  3 giant cockroaches
  8 goblins
  15 hobgoblins
  17 jackals
  5 quokkas
  A ball python (D:7)
  12 bats
  A giant gecko skeleton (D:4)
  5 giant newts
  2 goblin skeletons (D:9)
  5 goblin zombies (D:9)
  A hobgoblin skeleton (D:9)
  2 hobgoblin zombies (D:9)
  21 kobolds
  13 orc zombies
  9 rats
  A rat zombie (D:6)
346 creatures vanquished.

Vanquished Creatures (collateral kills)
  A deep troll earth mage (D:12)
  A centaur (D:11)
  A killer bee (D:9)
  An orc priest (D:9)
  A goblin zombie (D:9)
5 creatures vanquished.

Vanquished Creatures (others)
  A fungus (D:3)
  A plant (D:9)
2 creatures vanquished.

Grand Total: 353 creatures vanquished

Notes
Turn   | Place    | Note
--------------------------------------------------------------
     0 | D:1      | MordorOrchid, the Spriggan Enchanter, began the quest for the Orb.
     0 | D:1      | Reached XP level 1. HP: 9/9 MP: 4/4
   195 | D:1      | Reached skill level 5 in Stealth
   195 | D:1      | Reached XP level 2. HP: 13/13 MP: 7/7
   216 | D:1      | Learned a level 2 spell: Ensorcelled Hibernation
   473 | D:2      | Reached XP level 3. HP: 17/17 MP: 3/9
   484 | D:2      | Learned a level 3 spell: Confuse
   680 | D:3      | Reached skill level 1 in Fighting
   726 | D:3      | Reached XP level 4. HP: 15/22 MP: 3/13
   731 | D:3      | Learned a level 3 spell: Dazzling Spray
   861 | D:3      | Found a blossoming altar of Fedhas.
  1004 | D:3      | Reached skill level 6 in Stealth
  1204 | D:4      | Reached XP level 5. HP: 21/25 MP: 2/16
  1554 | D:4      | Reached skill level 1 in Throwing
  1554 | D:4      | Reached skill level 5 in Dodging
  1554 | D:4      | Reached XP level 6. HP: 13/30 MP: 18/20
  1682 | D:4      | Learned a level 4 spell: Enslavement
  1782 | D:5      | Entered Level 5 of the Dungeon
  1830 | D:4      | Noticed a sky beast
  1883 | D:4      | Killed a sky beast
  2187 | D:4      | Reached XP level 7. HP: 29/35 MP: 21/21
  2317 | D:5      | Found a staircase to the Ecumenical Temple.
  2360 | D:5      | Noticed vt's ghost (experienced OpIE)
  2498 | D:5      | Killed vt's ghost
  2498 | D:5      | Reached skill level 8 in Stealth
  2498 | D:5      | Reached skill level 5 in Spellcasting
  2498 | D:5      | Reached XP level 8. HP: 32/39 MP: 13/24
  3027 | D:5      | Reached skill level 9 in Stealth
  3152 | Temple   | Entered the Ecumenical Temple
  3199 | Temple   | Became a worshipper of Warmaster Okawaru
  3354 | D:6      | Found Xugithenk's Weapon Emporium.
  3408 | D:7      | Found a shimmering altar of Xom.
  3408 | D:7      | Found a shimmering altar of Xom.
  3408 | D:7      | Found a shimmering altar of Xom.
  3408 | D:7      | Found a shimmering altar of Xom.
  3408 | D:7      | Found a shimmering altar of Xom.
  3409 | D:7      | Found a shimmering altar of Xom.
  3409 | D:7      | Found a shimmering altar of Xom.
  3684 | D:7      | Reached XP level 9. HP: 44/44 MP: 23/26
  3743 | D:7      | Found a shimmering altar of Xom.
  3984 | D:8      | Found Ixouzxu's Book Shoppe.
  4047 | D:8      | Found a stormy altar of Qazlal.
  4170 | D:8      | Reached skill level 5 in Throwing
  4268 | D:8      | Noticed a six-headed hydra
  4372 | D:8      | Killed a six-headed hydra
  4372 | D:8      | Acquired Okawaru's first power
  4372 | D:8      | Reached skill level 10 in Stealth
  4545 | D:8      | Was placed under penance by Okawaru
  4638 | D:8      | Noticed a three-headed hydra
  4669 | D:8      | Killed a hydra
  4669 | D:8      | Was forgiven by Okawaru
  4669 | D:8      | Reached XP level 10. HP: 45/51 MP: 16/29
  4902 | D:9      | Found a staircase to the Orcish Mines.
  4976 | D:9      | Reached skill level 1 in Evocations
  5087 | D:9      | Reached skill level 1 in Invocations
  5369 | D:9      | Found a shadowy altar of Dithmenos.
  5448 | D:9      | Found an iron altar of Okawaru.
  5553 | D:9      | Found an ancient bone altar of Kikubaaqudgha.
  5554 | D:9      | Reached skill level 11 in Stealth
  5803 | D:9      | Found a white marble altar of Elyvilon.
  6174 | D:9      | Found a staircase to the Lair.
  6288 | D:10     | Entered Level 10 of the Dungeon
  6304 | D:10     | Reached skill level 5 in Fighting
  6934 | D:10     | Reached skill level 12 in Stealth
  6934 | D:10     | Reached XP level 11. HP: 51/55 MP: 28/31
  7002 | D:10     | Received a gift from Okawaru
  7072 | D:10     | Found a portal to a secret trove of treasure.
  7120 | D:10     | Noticed a hill giant
  7132 | D:10     | Killed a hill giant
  7351 | D:11     | Reached skill level 10 in Dodging
  7445 | D:11     | Noticed a hill giant
  7452 | D:11     | Was placed under penance by Okawaru
  7496 | D:11     | Killed a hill giant
  7653 | D:11     | Was forgiven by Okawaru
  7959 | D:11     | Noticed Maurice
  7964 | D:11     | Killed Maurice
  8071 | D:11     | Reached skill level 10 in Spellcasting
  8214 | D:12     | Noticed an eight-headed hydra
  8249 | D:12     | Noticed a hill giant
  8387 | D:12     | Reached skill level 13 in Stealth
  8445 | D:12     | Noticed a hill giant
  8454 | D:12     | Killed a hill giant
  8454 | D:12     | Reached skill level 10 in Hexes
  8520 | D:12     | Killed a hill giant
  8522 | D:12     | Reached skill level 1 in Conjurations
  8699 | D:12     | Killed an eight-headed hydra
  8699 | D:12     | Reached skill level 5 in Evocations
  9132 | D:12     | Noticed a tengu reaver
  9132 | D:12     | Noticed a sphinx
  9151 | D:12     | Noticed a deep troll earth mage
  9159 | D:12     | Killed a deep troll earth mage
  9271 | D:12     | Noticed a war gargoyle
  9757 | D:12     | Reached XP level 12. HP: 51/60 MP: 24/33
  9759 | D:12     | Got a slimy copper ring
  9760 | D:12     | Got a transparent long sword
  9787 | D:12     | Identified the ring of the Cuttlefish {Wiz rN+ Str+3 Int+2} (You took it off a deep elf fighter on level 12 of the Dungeon)
  9866 | D:12     | Slain by a tengu reaver

Action                   |  1- 3 |  4- 6 |  7- 9 | 10-12 || total
-------------------------+-------+-------+-------+-------++-------
Melee: Dagger            |    91 |   121 |   125 |       ||   337
       Short sword       |       |       |     9 |   473 ||   482
 Fire: Blowgun           |       |    74 |   103 |   133 ||   310
       Shortbow          |       |       |    13 |    61 ||    74
Throw: Stone             |     6 |     8 |       |     2 ||    16
       Tomahawk          |       |       |       |    23 ||    23
 Cast: Corona            |    20 |    23 |     9 |    19 ||    71
       Ensorcelled Hiber |     5 |     8 |    16 |    17 ||    46
       Confuse           |       |     3 |    26 |   107 ||   136
       Dazzling Spray    |       |       |     1 |    38 ||    39
       Enslavement       |       |       |     1 |    18 ||    19
Evoke: Wand              |       |       |    23 |     2 ||    25
  Use: Potion            |       |     1 |     1 |       ||     2
       Scroll            |       |       |     6 |     8 ||    14
 Stab: Sleeping          |    15 |    15 |    34 |    46 ||   110
       Confused          |       |     1 |    18 |    63 ||    82
       Invisible         |       |       |     1 |     1 ||     2
       Distracted        |       |       |       |     4 ||     4
  Eat: Bread ration      |       |       |     1 |       ||     1
       Pizza             |       |       |       |     6 ||     6
